[ AOE2 MATCH · #459469874 ]
UnrankedBohemians vs Maya
Player's team · WIN
Rival team · LOSS
[ REPLAY ANALYSIS · EXTRACTED FROM THE RECORDED GAME ]
Feudal
13:06
Castle
17:49
Imperial
—
| APM avg | 23.2 |
| APM peak | 49 |
| eAPM avg | 10.2 |
| Villagers / military | 56 / 5 |
Focus
⚔️ 8.3% · 🌾 91.7%
Knight ×5
Feudal
12:36
Castle
18:20
Imperial
—
| APM avg | 13.0 |
| APM peak | 34 |
| eAPM avg | 8.1 |
| Villagers / military | 44 / 12 |
Focus
⚔️ 11.5% · 🌾 88.5%
Spearman ×8 · Eagle Scout ×4
Match map
Initial resources + every placement click. Lines = walls · curves = elevation contours. ◆ gold · ⬟ stone · ● berries · ✦ relic · ◌ wall gap
Your base· ✓ Closed at 17:49 · 9t walls · no gate
john's base· ✓ Closed at 18:20 · 14t walls · no gate
Smoothed initial terrain · ◌ = detected wall gap · hover for details
Inputs per minute
— dede - - john
Build order — dede
111 actions detected in the replay
| 0:01 | Create | Villager (Male) |
| 0:01 | Create | Villager (Male) |
| 0:02 | Create | Villager (Male) |
| 0:02 | Create | Villager (Male) |
| 0:03 | Build | House |
| 0:05 | Build | House |
| 1:40 | Build | Palisade Wall |
| 1:44 | Create | Villager (Male) |
| 2:26 | Build | Lumber Camp |
| 2:29 | Create | Villager (Male) |
| 2:56 | Create | Villager (Male) |
| 3:40 | Create | Villager (Male) |
| 3:40 | Create | Villager (Male) |
| 3:41 | Create | Villager (Male) |
| 4:08 | Create | Villager (Male) |
| 4:15 | Build | House |
| 4:53 | Build | Mill |
| 4:56 | Create | Villager (Male) |
| 4:57 | Create | Villager (Male) |
| 5:53 | Create | Villager (Male) |
| 5:54 | Create | Villager (Male) |
| 6:52 | Create | Villager (Male) |
| 6:58 | Build | Farm |
| 7:14 | Create | Villager (Male) |
| 7:23 | Build | House |
| 8:01 | Create | Villager (Male) |
| 8:02 | Create | Villager (Male) |
| 8:30 | Create | Villager (Male) |
| 8:31 | Create | Villager (Male) |
| 9:07 | Create | Villager (Male) |
| 9:24 | Build | House |
| 9:43 | Create | Villager (Male) |
| 9:43 | Create | Villager (Male) |
| 9:47 | Research | Feudal Age |
| 10:33 | Create | Villager (Male) |
| 11:10 | Build | Mining Camp |
| 12:02 | Build | Farm |
| 12:13 | Build | Farm |
| 12:17 | Build | Farm |
| 12:20 | Build | Farm |
| 12:25 | Build | Farm |
| 12:28 | Create | Villager (Male) |
| 13:06 | Age | Feudal Age |
| 13:17 | Build | Farm |
| 13:23 | Build | Market |
| 13:31 | Build | Blacksmith |
| 13:39 | Build | House |
| 13:48 | Research | Horse Collar |
| 13:49 | Research | Double-Bit Axe |
| 14:00 | Create | Villager (Male) |
| 14:25 | Build | Farm |
| 14:26 | Build | Farm |
| 14:30 | Create | Villager (Male) |
| 14:43 | Build | Barracks |
| 14:50 | Build | Mining Camp |
| 15:09 | Research | Castle Age |
| 16:04 | Create | Villager (Male) |
| 16:17 | Build | House |
| 16:58 | Build | Stable |
| 17:49 | Age | Castle Age |
| 17:51 | Create | Villager (Male) |
| 17:51 | Create | Villager (Male) |
| 18:01 | Build | Town Center |
| 18:08 | Create | Villager (Male) |
| 18:09 | Create | Villager (Male) |
| 18:38 | Create | Villager (Male) |
| 18:49 | Create | Villager (Male) |
| 19:06 | Research | Heavy Plow |
| 19:10 | Research | Bow Saw |
| 19:41 | Research | Husbandry |
| 19:42 | Create | Knight |
| 19:42 | Create | Knight |
| 19:51 | Create | Knight |
| 20:25 | Create | Villager (Male) |
| 20:25 | Create | Villager (Male) |
| 20:26 | Create | Villager (Male) |
| 20:28 | Create | Villager (Male) |
| 20:28 | Create | Villager (Male) |
| 20:32 | Build | Farm |
| 20:32 | Build | Farm |
| 20:52 | Create | Knight |
| 20:58 | Build | House |
| 21:01 | Build | House |
| 21:12 | Create | Knight |
| 21:30 | Build | House |
| 21:34 | Build | House |
| 21:39 | Create | Villager (Male) |
| 23:31 | Build | Castle |
| 24:05 | Build | Castle |
| 24:30 | Create | Villager (Male) |
| 24:31 | Create | Villager (Male) |
| 24:31 | Create | Villager (Male) |
| 24:31 | Create | Villager (Male) |
| 24:37 | Build | Farm |
| 24:38 | Build | Farm |
| 24:38 | Build | Farm |
| 24:39 | Create | Villager (Male) |
| 24:40 | Create | Villager (Male) |
| 24:40 | Create | Villager (Male) |
| 24:40 | Create | Villager (Male) |
| 24:41 | Create | Villager (Male) |
| 24:41 | Create | Villager (Male) |
| 24:41 | Create | Villager (Male) |
| 24:41 | Create | Villager (Male) |
| 24:49 | Build | Mining Camp |
| 24:52 | Create | Villager (Male) |
| 24:52 | Create | Villager (Male) |
| 24:52 | Create | Villager (Male) |
| 25:05 | Build | Siege Workshop |
| 25:09 | Build | Stable |
| 25:09 | Build | Stable |
Build order — john
85 actions detected in the replay
| 0:09 | Build | House |
| 0:11 | Build | House |
| 0:17 | Create | Villager (Male) ×3 |
| 1:58 | Create | Villager (Male) |
| 2:38 | Create | Villager (Male) |
| 2:38 | Create | Villager (Male) |
| 2:38 | Create | Villager (Male) |
| 3:07 | Build | Palisade Wall |
| 3:33 | Create | Villager (Male) |
| 3:33 | Create | Villager (Male) |
| 4:00 | Create | Villager (Male) |
| 4:25 | Create | Villager (Male) |
| 4:37 | Build | House |
| 4:39 | Build | House |
| 5:12 | Create | Villager (Male) |
| 5:12 | Create | Villager (Male) |
| 5:13 | Create | Villager (Male) |
| 5:47 | Build | Mill |
| 5:58 | Create | Villager (Male) ×3 |
| 6:53 | Build | Lumber Camp |
| 7:11 | Create | Villager (Male) ×2 |
| 8:01 | Create | Villager (Male) |
| 8:24 | Create | Villager (Male) |
| 8:58 | Create | Villager (Male) |
| 10:26 | Research | Feudal Age |
| 11:00 | Build | House |
| 11:01 | Build | House |
| 11:03 | Build | House |
| 11:05 | Build | House |
| 11:07 | Build | House |
| 12:05 | Build | Farm |
| 12:05 | Build | Farm |
| 12:06 | Build | Farm |
| 12:07 | Build | Farm |
| 12:08 | Build | Farm |
| 12:09 | Build | Farm |
| 12:10 | Build | Farm |
| 12:11 | Build | Farm |
| 12:33 | Create | Villager (Male) ×5 |
| 12:36 | Age | Feudal Age |
| 12:43 | Research | Horse Collar |
| 12:46 | Research | Double-Bit Axe |
| 13:10 | Build | Mining Camp |
| 14:08 | Build | Market |
| 14:44 | Create | Villager (Male) |
| 15:02 | Build | Blacksmith |
| 15:40 | Research | Castle Age |
| 16:08 | Build | Mining Camp |
| 16:36 | Build | Farm |
| 16:37 | Build | Farm |
| 16:46 | Build | Farm |
| 17:52 | Create | Villager (Male) ×5 |
| 18:20 | Age | Castle Age |
| 18:39 | Research | Stone Mining |
| 18:41 | Research | Gold Mining |
| 18:45 | Research | Heavy Plow |
| 19:26 | Research | Stone Shaft Mining |
| 19:31 | Research | Bow Saw |
| 19:56 | Build | Barracks |
| 20:32 | Build | Town Center |
| 20:57 | Create | Eagle Scout |
| 20:58 | Create | Eagle Scout |
| 21:38 | Create | Villager (Male) |
| 21:39 | Create | Villager (Male) |
| 21:39 | Create | Villager (Male) |
| 21:39 | Create | Villager (Male) |
| 21:39 | Create | Villager (Male) |
| 21:40 | Create | Villager (Male) |
| 21:42 | Create | Villager (Male) |
| 21:43 | Create | Villager (Male) |
| 21:55 | Create | Eagle Scout |
| 21:56 | Create | Eagle Scout |
| 23:10 | Build | Castle |
| 23:30 | Create | Spearman |
| 23:31 | Create | Spearman |
| 23:31 | Create | Spearman |
| 24:05 | Create | Spearman |
| 24:05 | Create | Spearman |
| 24:30 | Build | Castle |
| 24:38 | Create | Spearman |
| 24:38 | Create | Spearman |
| 24:38 | Create | Spearman |
| 24:53 | Create | Villager (Male) |
| 24:53 | Create | Villager (Male) |
| 24:54 | Create | Villager (Male) |
Match timeline
| 1:40 | dede · wall_segment Palisade Wall x9 |
| 3:07 | john · wall_segment Palisade Wall x14 |
| 12:36 | john · age_up feudal |
| 13:06 | dede · age_up feudal |
| 14:43 | dede · first_building Barracks |
| 16:58 | dede · first_building Stable |
| 17:49 | dede · age_up castle |
| 18:20 | john · age_up castle |
| 19:56 | john · first_building Barracks |
| 23:10 | john · first_building Castle |
| 23:31 | dede · first_building Castle |
| 24:22 | john · first_market_buy 100 stone |
| 25:05 | dede · first_building Siege Workshop |
| 25:21 | john · resign |
[ AI ANALYSIS · 1 CREDIT ]
What really happened in this match?
Wolo.gg analyzes every decision: build order, eco, micro, common mistakes by bracket. Personalized analysis on WhatsApp or Discord in 30 seconds.
Civ guide
Bohemians
Map guide
Black Forest
Perfil
dede